 Dungeon Crawl Stone Soup version 0.21.1-1-g345015f (webtiles) character file.

70 zishaf the Conjurer (level 4, 0/24 HPs)
             Began as a Tengu Conjurer on May 14, 2018.
             Killed from afar by Natasha (7 damage)
             ... with a magic dart
             ... on level 2 of the Dungeon.
             The game lasted 00:05:01 (2160 turns).

zishaf the Conjurer (Tengu Conjurer)                Turns: 2160, Time: 00:05:01

Health: 0/24       AC:  2    Str:  8    XL:     4   Next: 22%
Magic:  2/8        EV: 13    Int: 16    God:
Gold:   76         SH:  0    Dex: 15    Spells: 4/7 levels left

rFire    . . .     SeeInvis .   (no weapon)
rCold    . . .     Gourm    .   (no shield)
rNeg     . . .     Faith    .   a - +0 robe
rPois    .         Spirit   .   (helmet restricted)
rElec    .         Reflect  .   (no cloak)
rCorr    .         Harm     .   (no gloves)
MR       .....                  (boots unavailable)
Stlth    ++........             (no amulet)
HPRegen  0.08/turn              (no ring)
MPRegen  0.11/turn              (no ring)

@: slowed, very slow
A: beak, talons 3
a: no special abilities


You were on level 2 of the Dungeon.
You were not hungry.

You visited 1 branch of the dungeon, and saw 2 of its levels.

You collected 76 gold pieces.

Inventory:

Armour
 a - a +0 robe (worn)
Scrolls
 e - a scroll of amnesia {unknown}
 g - a scroll of enchant armour {unknown}
 i - 2 scrolls of fog {unknown}
 j - a scroll of identify {unknown}
Potions
 d - 3 potions of curing {unknown}
 h - 2 potions of degeneration {unknown}
Books
 b - a book of Conjurations

   Spells                             Type                      Level
   a - Magic Dart                     Conjuration                  1
   b - Searing Ray                    Conjuration                  2
   c - Dazzling Spray                 Conjuration/Hexes            3
   d - Fulminant Prism                Conjuration/Hexes            4
   e - Force Lance                    Conjuration/Translocation    4
   f - Iskenderun's Mystic Blast      Conjuration                  4
Comestibles
 c - 2 chunks of flesh


   Skills:
 - Level 2.1 Dodging
 - Level 2.0 Stealth
 - Level 2.0 Spellcasting
 + Level 7.4 Conjurations


You had 4 spell levels left.
You knew the following spells:

 Your Spells              Type           Power        Failure   Level  Hunger
a - Magic Dart            Conj           ####         1%          1    #......
b - Searing Ray           Conj           ####..       1%          2    ###....


Dungeon Overview and Level Annotations

Branches:
Dungeon (2/15)

Altars:

Annotations:
D:2 Natasha


Innate Abilities, Weirdness & Mutations

You have a beak for a mouth.
You have claws for feet.


Message History

Natasha, Servant of Life and Death comes into view.
Natasha stares at you and mumbles some strange words.
The magic dart hits you!
Natasha wildly gestures.
You feel disoriented.
Natasha casts a spell.
Natasha stares at you and mumbles some strange words.
You feel yourself slow down.
Natasha casts a spell.
The white imp gestures at you. The puff of frost hits you!
You see here 7 poisoned needles.
The white imp gestures at you. The puff of frost misses you.
Natasha misses you. The white imp barely misses you. Natasha claws you.
* * * LOW HITPOINT WARNING * * *
There is an escape hatch in the floor, spattered with blood here.
Natasha casts a spell at you. The magic dart hits you!
You die...

#.....# #.....# #.....#
#.....# #..?. #.....# ......
##....<# ...... #...<..#
......## #......######...
.......####@##.###.....>#
#...#.##5>.##.# #.#
#.....h5....###.#
..#.###.(..###..##..#
...).......(.......###
###.####.............## ...#
#.......)(.....## .
.....##...............####..
#..(.....................


You could see Natasha, a white imp and a shadow imp.

Vanquished Creatures
  Natasha (D:2)
  2 worms
  2 dart slugs
  A leopard gecko (D:1)
  4 giant cockroaches
  5 goblins
  A hobgoblin (D:1)
  A quokka (D:2)
  6 bats
  3 frilled lizards (D:1)
  5 kobolds
  4 rats
35 creatures vanquished.

Notes
Turn   | Place    | Note
-------+----------+-------------------------------------------
     0 | D:1      | zishaf the Tengu Conjurer began the quest for the Orb.
     0 | D:1      | Reached XP level 1. HP: 10/10 MP: 4/4
   263 | D:1      | Reached XP level 2. HP: 15/15 MP: 4/6
   287 | D:1      | Reached skill level 6 in Conjurations
   651 | D:1      | Reached XP level 3. HP: 19/19 MP: 3/7
  1317 | D:2      | Noticed Natasha
  1337 | D:1      | Learned a level 2 spell: Searing Ray
  1842 | D:1      | Reached skill level 7 in Conjurations
  2147 | D:2      | Killed Natasha
  2147 | D:2      | Reached XP level 4. HP: 24/24 MP: 1/8
  2151 | D:2      | Noticed Natasha
  2160 | D:2      | Killed from afar by Natasha

Skill      XL: |  1  2  3 |
---------------+----------+-----
Conjurations   | 6 7 |  7.4
Dodging        | |  2.1
Stealth        | |  2.0
Spellcasting   | |  2.0

Action                   |  1- 3 |  4- 6 || total
-------------------------+-------+-------++-------
 Cast: Magic Dart        |    82 |       ||    82
       Searing Ray       |     2 |       ||     2
  Eat: Chunk             |     3 |       ||     3
       Ration            |     1 |       ||     1
Armor: Robe              |     2 |       ||     2
Dodge: Dodged            |     9 |     3 ||    12
